 Dungeon Crawl Stone Soup version 0.20.0 (webtiles) character file.

4289 FakerFangirl the Basher (level 10, -8/86 HPs)
             Began as a Grey Draconian Fighter on May 26, 2017.
             Mangled by Menkaure (15 damage)
             ... on level 7 of the Dungeon.
             The game lasted 00:08:11 (7341 turns).

FakerFangirl the Basher (Grey Draconian Fighter)    Turns: 7341, Time: 00:08:11

Health: -8/86      AC: 16    Str: 18    XL:     10   Next: 11%
Magic:  10/10      EV: 12    Int:  8    God:
Gold:   365        SH: 10    Dex: 15    Spells: 9/9 levels left

rFire    . . .     SeeInvis .   Y - +1 flail
rCold    + . .     Gourm    .   b - +0 shield
rNeg     . . .     Faith    .   (armour unavailable)
rPois    .         Spirit   .   (helmet restricted)
rElec    .         Reflect  .   (no cloak)
rCorr    .         Harm     .   (no gloves)
MR       .....                  o - +0 pair of boots
Stlth    +.........             (no amulet)
Regen    0.3/turn               i - +3 ring of protection
MPRegen  0.2/turn               g - ring of protection from cold

@: no status effects
A: walk through water, unfitting armour, unbreathing, cold-blooded, AC +12
a: no special abilities


You were on level 7 of the Dungeon.
You were not hungry.

You visited 2 branches of the dungeon, and saw 8 of its levels.

You collected 365 gold pieces.


Innate Abilities, Weirdness & Mutations

You can walk through water.
Your dull iron-grey scales are very hard. (AC +12)
You cannot fit into any form of body armour.
You can survive without breathing.
You are cold-blooded and may be slowed by cold attacks.


   Skills:
 - Level 7.1 Fighting
 - Level 13.9 Maces & Flails
 + Level 3.9 Dodging
 - Level 6.0 Shields


You had 9 spell levels left.
You didn't know any spells.

Inventory:

Hand Weapons
 Y - a +1 flail (weapon)
Missiles
 d - 4 tomahawks (quivered)
Armour
 b - a +0 shield (worn)
 o - a +0 pair of boots (worn)
Jewellery
 g - a ring of protection from cold (right hand)
 i - a +3 ring of protection (left hand)
Wands
 n - a wand of disintegration (17/24)
Scrolls
 p - 2 scrolls of identify
Potions
 c - 4 potions of might
 j - a potion of mutation {unknown}
 q - a potion of flight {unknown}
 r - a potion of lignification {unknown}
Comestibles
 a - 2 chunks of flesh
 e - 2 royal jellies
 f - 4 bread rations
 h - 3 meat rations
 k - 4 fruits

Dungeon Overview and Level Annotations

Branches:
Dungeon (7/15)             Temple (1/1) D:4

Altars:
Ashenzari
Dithmenos
Gozag
Hepliaklqana
Kikubaaqudgha
Nemelex Xobeh
Okawaru
Ru
Sif Muna
Trog
Uskayaw
Vehumet
Xom
Zin

Annotations:
D:7 Menkaure


Message History

You kill the orc!
Menkaure closely misses you. You block something's attack.
You hit the orc wizard.
Your tail-slap misses the orc wizard.
The orc wizard is almost dead.
You block Menkaure's attack.
You hear some strange, mumbled words.
Something tries to affect you, but you resist.
You hit the orc wizard.
You kill the orc wizard!
Menkaure grins.
You block Menkaure's attack.
You hit Menkaure. You tail-slap Menkaure.
Menkaure is heavily damaged.
Something hits you.
Menkaure calls on the powers of darkness!
Your body is wracked with pain!
You sock Menkaure!
Menkaure is almost destroyed.
Something hits you but does no damage. Menkaure hits you!
You die...

...........#........#.....
.#}.##'.#.}#...#....#.....
.####...##.#...#....#...
....#...#......#....'.
.#..#...#..#...#....#
.##.#..##.####.# #'##
.##.......# #.###..#
.########## #..{)..# .#
#.#@#..# .# #...M./# .
#.#.#..# .........##
##########


You could see Menkaure.

Vanquished Creatures
  An ice beast (D:5)
  A sky beast (D:5)
  2 ogres (D:6)
  A centaur (D:7)
  A gnoll sergeant (D:7)
  3 bullfrogs (D:7)
  A wyvern zombie (D:7)
  2 scorpions
  10 killer bees (D:7)
  11 wights
  A howler monkey (D:4)
  A centaur zombie (D:5)
  A bullfrog zombie (D:7)
  6 crimson imps
  2 hounds
  5 orc wizards
  A jelly (D:6)
  4 orc priests
  Terence (D:3)
  Jessica (D:2)
  An iguana (D:4)
  2 worker ants
  A hound zombie (D:7)
  A worker ant zombie (D:7)
  7 gnolls (D:7)
  7 adders
  A worm (D:3)
  A dart slug (D:1)
  8 leopard geckos
  17 orcs
  A ball python (D:3)
  10 giant cockroaches
  5 goblins
  4 hobgoblins
  2 jackals (D:1)
  2 quokkas (D:5)
  6 bats
  6 frilled lizards
  A giant cockroach zombie (D:6)
  A jackal skeleton (D:6)
  4 kobolds
  6 rats
150 creatures vanquished.

Notes
Turn   | Place    | Note
-------+----------+-------------------------------------------
     0 | D:1      | FakerFangirl the Draconian Fighter began the quest for the Orb.
     0 | D:1      | Reached XP level 1. HP: 19/19 MP: 1/1
     0 | D:1      | 0 ||| counter = 44
   371 | D:1      | Reached XP level 2. HP: 26/26 MP: 2/2
   584 | D:1      | Reached skill level 3 in Maces & Flails
   728 | D:1      | 728 ||| READING scroll labeled VYSMAPUL IMELU.
   729 | D:1      | 729 ||| READING scroll labeled ASEOCS VOUCK.
   987 | D:2      | Reached XP level 3. HP: 28/31 MP: 3/3
  1031 | D:2      | Noticed Jessica
  1049 | D:2      | Killed Jessica
  1049 | D:2      | Reached skill level 4 in Maces & Flails
  1476 | D:2      | Reached XP level 4. HP: 38/38 MP: 4/4
  1637 | D:2      | 1637 ||| READING scroll labeled GEAQEDW MUMN.
  1638 | D:2      | 1638 ||| READING 2 scrolls of identify.
  1638 | D:2      | 1638 ||| IDENTIFYING garnet ring
  1639 | D:2      | 1639 ||| DROPPING cursed ring of loudness.
  1640 | D:2      | 1640 ||| READING scroll of identify.
  1640 | D:2      | 1640 ||| IDENTIFYING emerald ring
  1641 | D:2      | 1641 ||| UPGRADING to +3 ring of protection.
  1686 | D:3      | Noticed Terence
  1698 | D:3      | Killed Terence
  1892 | D:3      | Reached skill level 5 in Maces & Flails
  2411 | D:3      | 2411 ||| UPGRADING to pair of boots.
  2416 | D:3      | 2416 ||| READING scroll labeled SEG XUTHRIED.
  2417 | D:3      | 2417 ||| READING scroll labeled VUULOILU ECOSH.
  2422 | D:3      | 2422 ||| READING scroll labeled MOILEU VUFFAUH.
  2423 | D:3      | 2423 ||| READING 2 scrolls labeled KIDUPORCHU ESHRI.
  2424 | D:3      | 2424 ||| DRINKING 2 green potions.
  2425 | D:3      | 2425 ||| DROPPING scroll of noise.
  2435 | D:4      | 2435 ||| STAIRDANCE
  2462 | D:4      | Reached XP level 5. HP: 31/45 MP: 5/5
  2577 | D:4      | Found a staircase to the Ecumenical Temple.
  2592 | Temple   | Entered the Ecumenical Temple
  2593 | Temple   | 2593 ||| Entered T.
  2905 | D:4      | 2905 ||| Stepping ~*~*~tactically~*~*~ (outnumbered).
  2919 | D:4      | Reached skill level 6 in Maces & Flails
  2923 | D:4      | HP: 7/45 [orc/trident (5)]
  2924 | D:4      | 2924 ||| DRINKING potion of heal wounds.
  2930 | D:4      | HP: 8/45 [orc/trident (6)]
  2936 | D:4      | HP: 5/45 [orc/trident (4)]
  3176 | D:4      | 3176 ||| EATING 3 bread rations.
  3447 | D:4      | Reached XP level 6. HP: 46/52 MP: 6/6
  3713 | D:4      | 3713 ||| READING scroll labeled VOGOQU ORECRAE.
  3714 | D:4      | 3714 ||| READING scroll of identify.
  3714 | D:4      | 3714 ||| IDENTIFYING small jade ring
  3715 | D:4      | 3715 ||| UPGRADING to ring of protection from cold.
  3736 | D:5      | Entered Level 5 of the Dungeon
  3955 | D:5      | Reached skill level 7 in Maces & Flails
  4014 | D:5      | Your scales start taking on a dull iron-grey colour.
  4014 | D:5      | Reached XP level 7. HP: 53/59 MP: 7/7
  4014 | D:5      | Gained mutation: You can survive without breathing. [Grey Draconian growth]
  4208 | D:5      | Reached skill level 8 in Maces & Flails
  4894 | D:6      | 4894 ||| STAIRDANCE
  4902 | D:6      | 4902 ||| STAIRDANCE
  4915 | D:6      | 4915 ||| STAIRDANCE
  4981 | D:5      | 4981 ||| EATING 2 royal jellies.
  5008 | D:6      | Reached XP level 8. HP: 68/68 MP: 8/8
  5233 | D:6      | Reached skill level 9 in Maces & Flails
  5427 | D:6      | Reached skill level 6 in Fighting
  5732 | D:6      | Reached skill level 3 in Dodging
  5981 | D:6      | 5981 ||| READING scroll labeled YMPEMO LEYMOID.
  5982 | D:6      | 5982 ||| READING scroll labeled REFIMA VEDAIRGH.
  5983 | D:6      | 5983 ||| READING 4 scrolls of identify.
  5983 | D:6      | 5983 ||| IDENTIFYING small tourmaline ring
  5984 | D:6      | 5984 ||| DROPPING ring of ice.
  5985 | D:6      | 5985 ||| READING 3 scrolls of identify.
  5985 | D:6      | 5985 ||| IDENTIFYING pink potion
  5986 | D:6      | 5986 ||| DRINKING potion of experience.
  5986 | D:6      | Reached skill level 13 in Maces & Flails
  5986 | D:6      | Reached XP level 9. HP: 75/75 MP: 9/9
  5987 | D:6      | 5987 ||| READING 2 scrolls of identify.
  5987 | D:6      | 5987 ||| IDENTIFYING fizzy golden potion
  5988 | D:6      | 5988 ||| DROPPING potion of magic.
  6491 | D:7      | Found a sacrificial altar of Ru.
  6588 | D:7      | Found a deep blue altar of Sif Muna.
  6647 | D:7      | Found an opulent altar of Gozag.
  6720 | D:7      | 6720 ||| Stepping ~*~*~tactically~*~*~ (outnumbered).
  6721 | D:7      | 6721 ||| Stepping ~*~*~tactically~*~*~ (outnumbered).
  6723 | D:7      | 6723 ||| Stepping ~*~*~tactically~*~*~ (outnumbered).
  6724 | D:7      | 6724 ||| Stepping ~*~*~tactically~*~*~ (outnumbered).
  6739 | D:7      | Reached XP level 10. HP: 46/86 MP: 10/10
  6747 | D:7      | Reached skill level 6 in Shields
  6753 | D:7      | HP: 21/86 [poisoned by a killer bee]
  6758 | D:7      | HP: 16/86 [poisoned by a killer bee]
  6763 | D:7      | HP: 12/86 [poisoned by a killer bee]
  6768 | D:7      | HP: 11/86 [poisoned by a killer bee]
  6775 | D:7      | HP: 9/86 [poisoned by a killer bee]
  6782 | D:7      | HP: 9/86 [poisoned by a killer bee]
  6790 | D:7      | HP: 9/86 [poisoned by a killer bee]
  6830 | D:7      | 6830 ||| READING scroll of teleportation.
  7176 | D:7      | Found a shattered altar of Ashenzari.
  7292 | D:7      | 7292 ||| Stepping ~*~*~tactically~*~*~ (outnumbered).
  7294 | D:7      | 7294 ||| Stepping ~*~*~tactically~*~*~ (outnumbered).
  7326 | D:7      | Noticed Menkaure
  7329 | D:7      | HP: 20/86 [??? (18)]
  7334 | D:7      | 7334 ||| Stepping ~*~*~tactically~*~*~ (outnumbered).
  7334 | D:7      | HP: 10/86 [??? (7)]
  7340 | D:7      | HP: 9/86 [something (2)]
  7341 | D:7      | Mangled by Menkaure

Vault maps used:
D:1:      minmay_arrival_three_doors
D:2:      minmay_strange_pillars, uniq_jessica
D:3:      minmay_misc_feat_plants, uniq_terence
D:4:      minmay_temple_entry_statues_fountains
D:5:      first_bread
D:7:      led_sif_pool, evilmike_ruin_ashenzari, kennysheep_mini,
          lemuel_crystal_altar, serial_glass, glass_columns_a, glass_columns_c,
          glass_columns_c, glass_columns_b, glass_columns_a, glass_columns_a,
          glass_columns_a, glass_columns_b, glass_columns_b, glass_columns_a,
          uniq_menkaure
Temple:   dpeg_chambers_temple

Skill      XL: |  1  2  3  4  5  6  7  8  9 10 |
---------------+-------------------------------+-----
Maces & Flails | 3 4 5 6 7 8 13 | 13.9
Fighting       | 4 5 6 7 |  7.1
Shields        | 4 5 6 |  6.0
Dodging        | 3 |  3.9

Action                   |  1- 3 |  4- 6 |  7- 9 | 10-12 || total
-------------------------+-------+-------+-------+-------++-------
Melee: Flail             |    92 |   217 |   348 |    69 ||   726
       Tailslap          |     6 |    29 |    54 |     7 ||    96
Throw: Tomahawk          |     7 |    47 |    49 |     5 ||   108
  Use: Scroll            |     2 |     9 |     5 |     1 ||    17
       Potion            |       |     2 |     1 |       ||     3
  Eat: Chunk             |     2 |     4 |     7 |     2 ||    15
       Bread ration      |       |     1 |       |       ||     1
       Royal jelly       |       |       |     1 |       ||     1
Armor: Skin              |    26 |    88 |   129 |    68 ||   311
Dodge: Dodged            |    27 |    80 |   110 |    73 ||   290
Block: Shield            |    38 |   109 |   119 |    72 ||   338
